 Dungeon Crawl Stone Soup version 0.31.0-32-g396128a36d (webtiles) character file.

Game seed: 1701385332469501886

1154629 Gabide the Annihilator (level 27, 0/158 (199) HPs)
             Began as a Tengu Air Elementalist on Apr 21, 2024.
             Was the Champion of Vehumet.
             Killed by arc of chain lightning (7 damage)
             ... on level 7 of Cocytus on Apr 22, 2024.
             The game lasted 09:38:32 (166193 turns).

Gabide the Annihilator (Tengu Air Elementalist)   Turns: 166193, Time: 09:38:34

HP:   0/158 (199)   AC: 41    Str: 22    XL:     27
MP:   13/55         EV: 24    Int: 37    God:    Vehumet [******]
Gold: 1199          SH: 15    Dex: 22    Spells: 11/80 levels left

rFire   + + +        a - staff of Radicalism {rPois rF+ rC+ Str+3 Fire Air}
rCold   + + +        s - +3 buckler {rC+ rF+}
rNeg    + . .        l - +9 scales of the Dragon King {rPois rF+ rC+ Will+}
rPois   +            E - -2 hat of the Alchemist {rElec rPois rF+ rC+ rN+ Will+ rMut rCorr}
rElec   +            Y - +1 cloak of Insurance {Str+4 SInv}
rCorr   +            P - +2 pair of gloves
SInv    +            (boots unavailable)
Will    +++++        W - amulet of the Air {Inacc Air Fly rElec RMsl} Stlth
                     F - ring of Isoxi {rF- rC- Int+7 Dex+6 SInv}
HPRegen 1.26/turn    D - +6 ring of strength
MPRegen 0.34/turn

%: inaccuracy (-5), repel missiles, acrobat, resist mutation
@: flying, very slightly contaminated, studying 2 skills, heavily drained,
unable to drink
A: beak, talons 3, evasive flight, acrobatic, clever 1, strong-willed 1, poison
resistance, regeneration 1
}: 11/15 runes: serpentine, barnacled, slimy, silver, iron, abyssal, demonic,
glowing, magical, fiery, dark
a: Renounce Religion


You were on level 7 of Cocytus.
You worshipped Vehumet.
Vehumet was exalted by your worship.
You visited 15 branches of the dungeon, and saw 71 of its levels.
You visited Pandemonium 2 times, and saw 10 of its levels.
You visited the Abyss 4 times.
You also visited: Sewer, Ossuary, Gauntlet, Ice Cave and Wizlab.

You collected 10961 gold pieces.
You spent 9762 gold pieces at shops.

Inventory:

Hand Weapons
 b - the +6 whip of a treasure trove {speed, Will++}
   (You took it off a naga ritualist on level 3 of the Snake Pit)

   Will++:    It greatly increases your willpower.
 e - the +12 longbow "Ogreslayer" {speed, rF+ rN+ Str+2 Stlth+}
   (You took it off a deep elf archer on level 3 of the Elven Halls)

   Str+2:     It affects your strength (+2).
   rF+:       It protects you from fire.
   rN+:       It protects you from negative energy.
   Stlth+:    It makes you more stealthy.
 X - the +10 zealot's sword {holy, Zealotry, *Rage rN+ EV+3}
   (You found it on level 7 of the Iron City of Dis)

   Zealotry:  Whenever the wielder enters a berserk rage, their allies are
   berserked alongside them.
   EV+3:      It affects your evasion (+3).
   rN+:       It protects you from negative energy.
   *Rage:     It berserks you when you make melee attacks (+20% chance).
Missiles
 o - 11 throwing nets
 w - 18 curare-tipped darts
Armour
 c - the +1 robe of Tender Moments {^Drain rN+ Int+5}
   (You acquired it on level 1 of the Vaults)

   Int+5:     It affects your intelligence (+5).
   rN+:       It protects you from negative energy.
   ^Drain:    It drains your maximum health when unequipped.
 l - the +9 scales of the Dragon King (worn) {rPois rF+ rC+ Will+}
   (You bought it in a shop on level 2 of the Orcish Mines)

   rF+:       It protects you from fire.
   rC+:       It protects you from cold.
   rPois:     It protects you from poison Will+: It increases your willpower.
 s - a +3 buckler of resistance (worn)
 z - the orb of Dispater {+Damnation *Corrode AC+5}
   (You took it off Dispater on level 7 of the Iron City of Dis)

   +Damnation: It grants the ability to hurl damnation at the cost of health and
   magic, with strength depending on Evocations skill.
   AC+5:      It affects your AC (+5).
   *Corrode:  It may corrode you when you take damage.
 B - a +2 robe of resistance
 E - the -2 hat of the Alchemist (worn) {rElec rPois rF+ rC+ rN+ Will+ rMut rCorr}
   (You found it in a wizard's laboratory)

   rF+:       It protects you from fire.
   rC+:       It protects you from cold.
   rElec:     It insulates you from electricity.
   rPois:     It protects you from poison rN+: It protects you from negative
   energy.
   Will+:     It increases your willpower.
   rCorr:     It protects you from acid and corrosion.
   rMut:      It protects you from mutation.
 I - +5 steam dragon scales
 O - the +0 hat of Experimentation {rF- Regen+ Str+3 Int+4}
   (You acquired it on level 1 of the Vaults)

   Str+3:     It affects your strength (+3).
   Int+4:     It affects your intelligence (+4).
   rF-:       It makes you vulnerable to fire.
   Regen+:    It increases your rate of health regeneration.
 P - a +2 pair of gloves (worn)
 T - the +1 cloak of the Kissing Gods {Rampage Fly rN+ Will+}
   (You acquired it on level 5 of the Vaults)

   rN+:       It protects you from negative energy.
   Will+:     It increases your willpower.
   Fly:       It grants you flight.
   Rampage:   It bestows one free step when moving towards enemies.
 Y - the +1 cloak of Insurance (worn) {Str+4 SInv}
   (You found it on level 3 of the Elven Halls)

   Str+4:     It affects your strength (+4).
   SInv:      It lets you see invisible.
Magical Staves
 a - the staff of Radicalism (weapon) {rPois rF+ rC+ Str+3 Fire Air}
   (You found it on level 3 of the Elven Halls)

   [staff of fire]

   Base accuracy: +5 Base damage: 5 Base attack delay: 1.2 This weapon's minimum
   attack delay (0.6) is reached at skill level 12.
   Str+3:     It affects your strength (+3).
   rF+:       It protects you from fire.
   rC+:       It protects you from cold.
   rPois:     It protects you from poison Fire: It increases the power of your
   Fire spells.
   Air:       It increases the power of your Air spells.
   It falls into the 'Staves' category.
   It is a one-handed weapon.
 d - the staff "Mutugym" {rN+ Str-4 Dex+7 Conj Summ Necro}
   (You found it in Pandemonium)

   [staff of death]

   Base accuracy: +5 Base damage: 5 Base attack delay: 1.2 This weapon's minimum
   attack delay (0.6) is reached at skill level 12.
   Str-4:     It affects your strength (-4).
   Dex+7:     It affects your dexterity (+7).
   rN+:       It protects you from negative energy.
   Conj:      It increases the power of your Conjurations spells.
   Summ:      It increases the power of your Summonings spells.
   Necro:     It increases the power of your Necromancy spells.
   It falls into the 'Staves' category.
   It is a one-handed weapon.
Jewellery
 x - a ring of wizardry
 D - a +6 ring of strength (right hand)
 F - the ring of Isoxi (left hand) {rF- rC- Int+7 Dex+6 SInv}
   (You found it on level 1 of the Crypt)

   [ring of dexterity]

   Int+7:     It affects your intelligence (+7).
   Dex+6:     It affects your dexterity (+6).
   rF-:       It makes you vulnerable to fire.
   rC-:       It makes you vulnerable to cold.
   SInv:      It lets you see invisible.
 K - the ring of Descent {Fly Int+2 Dex+4}
   (You took it off a naga ritualist on level 3 of the Snake Pit)

   [ring of flight]

   Int+2:     It affects your intelligence (+2).
   Dex+4:     It affects your dexterity (+4).
   Fly:       It grants you flight.
 N - a ring of magical power
 Q - a ring of positive energy
 R - a +6 ring of intelligence
 W - the amulet of the Air (around neck) {Inacc Air Fly rElec RMsl}
   (You took it off a deep elf death mage on level 3 of the Elven Halls)

   [amulet of nothing]

   Inacc:     It reduces the accuracy of your attacks and spells.
   Air:       It enhances your air magic.
   rElec:     It insulates you from electricity.
   Fly:       It grants you flight.
   RMsl:      It protects you from missiles.
 Z - the macabre finger necklace {Finger+ rN+}
   (You found it in a Gauntlet)

   [amulet of nothing]

   Finger+:   It enables you to equip an extra ring.
   rN+:       It protects you from negative energy.
Talismans
 v - a talisman of death
Wands
 y - a wand of digging (24)
 S - a wand of quicksilver (45)
Scrolls
 m - 6 scrolls of fog
 n - 24 scrolls of teleportation
 q - 9 scrolls of fear
 A - 7 scrolls of revelation
 C - 5 scrolls of blinking
Potions
 f - 13 potions of enlightenment
 g - 15 potions of lignification
 h - 6 potions of haste
 j - 15 potions of curing
 k - 8 potions of invisibility
 r - 9 potions of mutation
 t - 6 potions of cancellation
 u - a potion of magic
 G - 8 potions of heal wounds
 J - 4 potions of ambrosia
 M - 7 potions of resistance
 U - 2 potions of brilliance
Miscellaneous
 i - a phial of floods
 p - a condenser vane
 H - a lightning rod (4/4)
 V - a phantom mirror


   Skills:
 O Level 27 Fighting
 O Level 27 Armour
 O Level 27 Dodging
 - Level 15.0 Stealth
 + Level 25.4 Shields
 O Level 27 Spellcasting
 O Level 27 Conjurations
 O Level 27 Air Magic


You had 11 spell levels left.
You knew the following spells:

 Your Spells              Type           Power      Damage    Failure   Level
a - Chain Lightning       Conj/Air       90%        3d120     1%          9
b - Maxwell's Capacitive  Air            90%        ∞         1%          8
c - Swiftness             Air            100%       N/A       0%          3
d - Airstrike             Air            90%        2d(13-29) 0%          4
e - Passage of Golubria   Tloc           49%        N/A       32%         4
f - Sublimation of Blood  Necr           49%        N/A       4%          2
g - Orb of Destruction    Conj           64%        9d15      1%          7
h - Blink                 Tloc           98%        N/A       4%          2
i - Plasma Beam           Fire/Air       86%        2x1d105   1%          6
j - Conjure Ball Lightni  Conj/Air       90%        3x3d35    0%          6
k - Lehudib's Crystal Sp  Conj/Erth      49%        10d12     22%         8
l - Iskenderun's Mystic   Conj/Tloc      99%        2d19      1%          4
m - Bombard               Conj/Erth      49%        9d8       1%          6

Your spell library contained the following spells:

 Spells                   Type           Power      Damage    Failure   Level
 Fire Storm               Conj/Fire      61%        8d15      95%         9
 Shatter                  Erth           24%        3d21*     100%        9
 Foxfire                  Conj/Fire      100%       2x1d9     0%          1
 Kiss of Death            Conj/Necr      100%       2d13      0%          1
 Magic Dart               Conj           100%       1d8       0%          1
 Shock                    Conj/Air       100%       1d9       0%          1
 Sting                    Conj/Alch      100%       1d9       0%          1
 Mercury Vapours          Alch/Air       100%       N/A       0%          2
 Momentum Strike          Conj/Tloc      100%       3d10      0%          2
 Searing Ray              Conj           100%       2d8       0%          2
 Static Discharge         Conj/Air       100%       3-8/arc   0%          2
 Mephitic Cloud           Conj/Alch/Air  100%       N/A       0%          3
 Arcjolt                  Conj/Air       90%        1d100     0%          5
 Iskenderun's Battlesphe  Conj           100%       2d15      0%          5
 Freeze                   Ice            100%       1d10      1%          1
 Sandblast                Erth           98%        2d20      1%          1
 Cigotuvi's Dreadful Rot  Necr/Alch/Air  100%       N/A       1%          2
 Scorch                   Fire           100%       2d9       1%          2
 Dazzling Flash           Conj/Hex       100%       N/A       1%          3
 Hailstorm                Conj/Ice       99%        3d16      1%          3
 Stone Arrow              Conj/Erth      100%       3d13      1%          3
 Brom's Barrelling Bould  Conj/Erth      99%        2d11      1%          4
 Flame Wave               Conj/Fire      100%       2d21      1%          4
 Fulminant Prism          Conj/Alch      49%        3d21      1%          4
 Summon Lightning Spire   Summ/Air       100%       N/A       1%          4
 Vhi's Electric Charge    Tloc/Air       100%       N/A       1%          4
 Fireball                 Conj/Fire      61%        3d23      1%          5
 Freezing Cloud           Conj/Ice/Air   80%        6-21      1%          5
 Irradiate                Conj/Alch      49%        3d28      1%          5
 Silence                  Hex/Air        73%        N/A       1%          5
 Starburst                Conj/Fire      61%        6d16      1%          6
 Frozen Ramparts          Ice            98%        1d15      2%          3
 Inner Flame              Hex/Fire       66%        N/A       2%          3
 Volatile Blastmotes      Fire/Tloc      100%       2d18      2%          3
 Apportation              Tloc           98%        N/A       3%          1
 Necrotise                Necr           100%       1d9       3%          1
 Summon Small Mammal      Summ           100%       N/A       3%          1
 Spellforged Servitor     Conj/Summ      49%        N/A       3%          7
 Call Imp                 Summ           98%        N/A       4%          2
 Ensorcelled Hibernation  Hex/Ice        98%        N/A       4%          2
 Jinxbite                 Hex            98%        N/A       4%          2
 Lesser Beckoning         Tloc           98%        N/A       4%          2
 Ignite Poison            Fire/Alch      66%        N/A       9%          4
 Olgreb's Toxic Radiance  Alch           49%        N/A       9%          4
 Sticky Flame             Fire/Alch      66%        2d11      9%          4
 Call Canine Familiar     Summ           49%        N/A       10%         3
 Confusing Touch          Hex            49%        N/A       10%         3
 Fugue of the Fallen      Necr           49%        N/A       10%         3
 Ozocubu's Armour         Ice            49%        N/A       10%         3
 Passwall                 Erth           49%        N/A       10%         3
 Sigil of Binding         Hex            49%        N/A       10%         3
 Summon Ice Beast         Ice/Summ       49%        N/A       10%         3
 Tukima's Dance           Hex            49%        N/A       10%         3
 Lee's Rapid Deconstruct  Erth           24%        3d13*     24%         5
 Anguish                  Hex/Necr       24%        N/A       32%         4
 Animate Armour           Summ/Erth      98%        N/A       32%         4
 Animate Dead             Necr           49%        N/A       32%         4
 Cause Fear               Hex            24%        N/A       32%         4
 Dimensional Bullseye     Hex/Tloc       24%        N/A       32%         4
 Dispel Undead            Necr           49%        3d18      32%         4
 Leda's Liquefaction      Alch/Erth      24%        N/A       32%         4
 Manifold Assault         Tloc           49%        N/A       32%         4
 Martyr's Knell           Necr/Summ      49%        N/A       32%         4
 Petrify                  Alch/Erth      49%        N/A       32%         4
 Summon Blazeheart Golem  Fire/Summ      66%        N/A       32%         4
 Alistair's Intoxication  Alch           32%        N/A       67%         5
 Borgnjor's Vile Clutch   Necr/Erth      24%        N/A       67%         5
 Curse of Agony           Necr           49%        N/A       67%         5
 Metabolic Englaciation   Hex/Ice        24%        N/A       67%         5
 Summon Forest            Summ/Tloc      24%        N/A       67%         5
 Summon Mana Viper        Hex/Summ       49%        N/A       67%         5
 Eringya's Noxious Bog    Alch           24%        4d6       75%         6
 Death Channel            Necr           24%        N/A       99%         6
 Dispersal                Tloc           24%        N/A       99%         6
 Sculpt Simulacrum        Ice/Alch       24%        N/A       99%         6
 Summon Cactus Giant      Summ           24%        N/A       99%         6
 Ozocubu's Refrigeration  Ice            24%        4d12      99%         7
 Enfeeble                 Hex            24%        N/A       100%        7
 Haunt                    Necr/Summ      24%        N/A       100%        7
 Malign Gateway           Summ/Tloc      24%        N/A       100%        7
 Monstrous Menagerie      Summ           24%        N/A       100%        7
 Summon Hydra             Summ           24%        N/A       100%        7
 Borgnjor's Revivificati  Necr           24%        N/A       100%        8
 Discord                  Hex            24%        N/A       100%        8
 Disjunction              Tloc           24%        N/A       100%        8
 Ignition                 Fire           33%        3d10      100%        8
 Summon Horrible Things   Summ           24%        N/A       100%        8
 Death's Door             Necr           24%        N/A       100%        9
 Dragon's Call            Summ           24%        N/A       100%        9
 Polar Vortex             Ice            24%        12d3*     100%        9


Dungeon Overview and Level Annotations

Branches:
Dungeon (15/15)            Temple (1/1) D:5            Lair (5/5) D:8
 Shoals (4/4) Lair:3        Snake (4/4) Lair:2        Slime (5/5) Lair:5
    Orc (2/2) D:10            Elf (3/3) Orc:2        Vaults (5/5) D:13
  Crypt (3/3) Vaults:2       Tomb (0/3) Crypt:3      Depths (4/4) D:15
   Hell (visited)             Dis (7/7) Hell            Geh (0/7) Hell
    Coc (7/7) Hell            Tar (0/7) Hell            Zot (5/5) Depths:4
  Sewer (visited)         Ossuary (visited)           IceCv (visited)
 WizLab (visited)         Gauntlet (visited)

Altars:
Ashenzari
Cheibriados
Dithmenos
Elyvilon
Fedhas
Gozag
Hepliaklqana
Kikubaaqudgha
Makhleb
Nemelex Xobeh
Okawaru
Qazlal
Ru
Sif Muna
Trog
Uskayaw
Vehumet
Wu Jian
Xom
Yredelemnul
Zin
The Shining One
Jiyva

Shops:
D:7 ?   D:8 (   Orc:2 *=:([   Elf:2 *   Shoals:3 (   Shoals:4 (*   Snake:2 [
Vaults:1 (   Vaults:3 *?   Vaults:5 ?   Depths:1 :   Depths:4 ([(

Portals:
Hell: Depths:1 Depths:2 Depths:3 Depths:4
Abyss: Depths:2 Depths:3
Pandemonium: Depths:2 Depths:3 Depths:4
Ziggurat: Depths:4

Annotations:
D:11 2 transporters, AdnanSaban's ghost, journeyman GrFi


Innate Abilities, Weirdness & Mutations

You have a beak for a mouth.
You have claws for feet.
Your magical flight helps you evade attacks. (EV +4)
You can magically evade attacks while moving or waiting.
Your mind is acute. (Int +4, Str/Dex -1)
You are strong-willed. (Will+)
Your system is resistant to poisons. (rPois)
Your natural rate of healing is unusually fast.


Message History

The bolt of lightning hits the juggernaut simulacrum!!!
The juggernaut simulacrum vaporises!
Vehumet accepts your kill.
You feel your power returning.
The bolt of lightning hits the Ice Fiend!!!
The Ice Fiend is moderately wounded.
The fiery plasma misses the Ice Fiend.
You hear a howl! x2
The Ice Fiend gestures at you.
The bolt of cold hits you but does no damage.
Your Ice Fiend claws the elemental wellspring but does no damage.
Your Ice Fiend claws the elemental wellspring!!
Your Ice Fiend freezes the elemental wellspring!!
Casting: Plasma Beam (mildly dangerous; 1% risk of failure)
Confirm with . or Enter, or press ? or * to list all spells.
Okay, then.
Unknown command.
Okay, then.
Unknown command.
Press: ? - help, v - describe, . - travel
Here: an elemental wellspring (black smoke, severely damaged) Some shallow water, summoned.
Unknown command.
Casting: Chain Lightning (dangerous; 1% risk of failure)
Press: ? - help, Q - select action, (/) - cycle Dir - look around, f - activate You feel a strong surge of power!
Lightning arcs from your hands!
The bolt of lightning hits your Ice Fiend!!!!!
You kill your Ice Fiend!
Your Ice Fiend dissolves into shadows!
The bolt of lightning hits the Ice Fiend!!!!
You kill the Ice Fiend!
Vehumet accepts your kill.
You feel your power returning.
The bolt of lightning hits your Ice Fiend!!!!
You kill your Ice Fiend!
Your Ice Fiend dissolves into shadows!
The bolt of lightning hits you! You resist.
You die...

≈≈≈≈≈≈≈≈≈≈≈≈≈
≈≈Z≈≈≈≈≈≈≈≈
≈≈≈≈≈≈≈≈≈
≈≈≈≈≈≈≈≈
......§ ≈ ,
..1., ~≈
###§###
~~.,##§§.§§##
≈.~Z#.E§§§§@#
≈~~E~§§§§E§§+
...#.§§§§~§#
##§§§1.##
###+### ....
.....≈
≈≈≈≈≈≈≈≈
≈≈≈≈≈≈≈≈≈


You could see an Ice Fiend and an elemental wellspring.

Vanquished Creatures
  Cerebov (Pan)
  the Royal Jelly (Slime:5)
  Mnoleg (Pan)
  Lom Lobon (Pan)
  Gloorx Vloq (Pan)
  Frederick (Depths:3)
  Dispater (Dis:7)
  8 dread liches
  6 ancient liches
  4 orbs of fire
  Mara (Shoals:3)
  3 juggernauts
  Sojobo (Vaults:4)
  The ghost of Coff the Impregnable, a veteran MiGl of Hepliaklqana (Crypt:1)
  Saint Roka (Vaults:1)
  11 shard shrikes
  3 curse toes
  The ghost of Woadakig the Executioner, a veteran FoFi of Dithmenos (Crypt:1)
  24 caustic shrikes
  3 Killer Klowns
  Jory (Vaults:4)
  Nikola (Depths:1)
  5 golden dragons
  Geryon (Hell)
  6 pandemonium lords (Pan)
  A profane servitor (Crypt:3)
  the Enchantress (Depths:3)
  A mutant beast (WizLab)
  8 bone dragons
  4 Brimstone Fiends (Pan)
  34 iron giants
  3 Tzitzimimeh (Pan)
  2 electric golems (Zot:5)
  14 tentacled monstrosities
  42 Hell Sentinels
  2 hellephants
  A walking earthen tome (Depths:3)
  15 Ice Fiends
  A tainted leviathan (Hell)
  Rupert (D:14)
  9 titans
  25 Orb Guardians (Zot:5)
  Asterion (Depths:1)
  9 liches
  2 deep elf master archers (Elf:3)
  8 quicksilver dragons
  A walking frostbound tome (Depths:4)
  5 deep elf blademasters
  Mlioglotl (Shoals:3)
  34 acid blobs
  52 Executioners (Pan)
  24 ancient champions
  Frances (Shoals:1)
  6 sphinxes
  7 death cobs
  Gastronok (D:10)
  4 tentacled starspawn (Abyss:4)
  8 shadow dragons
  Roxanne (Shoals:1)
  Donald (Vaults:4)
  10 storm dragons
  Ilsuiw (Shoals:4)
  6 tengu reavers
  4 fenstrider witches (Pan)
  2 revenants
  8 protean progenitors
  12 azure jellies
  4 draconian shifters
  Aizul (Lair:3)
  13 rockslimes
  7 fire giants
  A daeva (Abyss:4)
  17 narguns
  10 demonspawn warmongers (Pan)
  11 nagarajas
  4 draconian knights
  6 draconian monks
  7 quicksilver elementals
  7 frost giants
  39 balrugs
  51 cacodemons
  4 orc warlords
  2 ghost moths
  20 vault wardens
  15 iron dragons
  13 draconian scorchers
  12 shard shrike simulacra
  9 draconian annihilators
  42 reapers
  5 draconian stormcallers
  A spectral caustic shrike (Crypt:2)
  7 deep elf sorcerers
  4 curse skulls
  A caustic shrike zombie (Crypt:2)
  An angel (Pan)
  3 deep elf elementalists
  11 ghouls
  30 very ugly things
  17 demonspawn blood saints (Pan)
  12 demonspawn corrupters (Pan)
  5 spriggan defenders (Depths:3)
  21 quicksilver oozes
  9 formless jellyfish
  31 ironbound preservers
  7 stone giants
  12 juggernaut skeletons (Pan)
  16 caustic shrike skeletons (Pan)
  6 demonspawn black suns (Pan)
  5 deep elf demonologists (Elf:3)
  11 ironbound thunderhulks
  10 red draconians
  14 green draconians
  4 putrid mouths (Hell)
  21 dire elephants
  9 deep elf annihilators (Elf:3)
  6 vampire knights
  5 purple draconians
  13 black draconians
  53 war gargoyles
  9 deep elf death magi
  8 white draconians
  20 yellow draconians
  A spark wasp (Depths:2)
  The ghost of ripuliukko the Thaumaturge, a journeyman GrEE of Vehumet (Lair:3)
  A minotaur (Gauntlet)
  6 lorocyprocas
  14 wendigos
  25 elemental wellsprings
  4 merfolk javelineers
  4 crystal guardians
  20 green deaths
  10 merfolk impalers
  An eidolon (Abyss:4)
  9 ettins
  A quicksilver dragon zombie (Crypt:2)
  30 jiangshi
  A kraken zombie (Crypt:2)
  An entropy weaver (shapeshifter) (WizLab)
  5 fire dragons
  A spectral iron giant (Crypt:2)
  14 yaktaur captains
  Josephine (Lair:3)
  12 blizzard demons
  2 deep elf high priests
  12 great orbs of eyes
  An entropy weaver (Vaults:2)
  6 ice dragons
  A spectral fenstrider witch (Crypt:2)
  7 hell beasts
  7 rakshasas
  A quicksilver dragon skeleton (Hell)
  35 vault guards
  3 spectral spriggans
  6 hydras
  A merfolk avatar (Shoals:1)
  7 juggernaut simulacra
  7 ironbound frosthearts
  19 caustic shrike simulacra
  A fenstrider witch zombie (Crypt:2)
  4 spriggan air magi
  2 salamander tyrants (Snake:4)
  A fenstrider witch skeleton (Crypt:1)
  2 jorogumos (Pan)
  3 boulder beetles (D:12)
  2 spriggan skeletons
  3 death knights
  4 ogre magi
  5 peacekeepers
  23 centaur warriors
  36 dancing weapons
  14 anacondas
  An Orb Guardian skeleton (Crypt:2)
  5 merfolk aquamancers
  14 two-headed ogres
  4 deep troll shamans
  A sphinx skeleton (D:15)
  8 vampire magi
  11 death yaks
  A two-headed ogre (shapeshifter) (WizLab)
  7 deep troll earth magi
  A quicksilver ooze zombie (Crypt:1)
  3 satyrs
  7 spriggan berserkers
  A tengu warrior (Depths:3)
  4 alligator snapping turtles
  9 thrashing horrors
  3 hell hogs
  2 spectral dire elephants (Crypt:2)
  17 naga warriors
  14 demonic crawlers
  An occultist (D:15)
  An orc high priest (Orc:2)
  2 shock serpents
  3 shock serpents (shapeshifter) (WizLab)
  22 crystal echidnas
  9 naga sharpshooters
  75 soul eaters
  27 deep elf knights
  5 hell knights
  4 skysharks
  152 sun demons
  7 wretched stars
  49 sixfirhies
  4 shadow wraiths
  13 hellephant skeletons (Pan)
  A skyshark (shapeshifter) (WizLab)
  4 salamander mystics
  A bunyip zombie (Hell)
  21 iron trolls
  A swamp dragon (shapeshifter) (WizLab)
  19 sea snakes
  2 anaconda zombies
  28 skeletal warriors
  A spectral spark wasp (Depths:1)
  52 deep trolls
  4 flayed ghosts
  7 quicksilver dragon simulacra
  38 shadow demons
  An orb spider (shapeshifter) (WizLab)
  7 arcanists
  3 bog bodies
  20 naga ritualists
  12 mana vipers
  2 harpies (shapeshifter)
  8 spriggan simulacra
  25 sun moths (Pan)
  15 necromancers
  2 orange crystal statues (IceCv)
  2 starcursed masses (Abyss:4)
  2 anaconda skeletons
  A lindwurm (shapeshifter) (WizLab)
  A steelbarb worm (shapeshifter) (WizLab)
  4 glowing orange brains
  5 lindwurms
  18 orc knights
  2 mana vipers (shapeshifter) (WizLab)
  11 deep elf archers
  28 harpies
  42 deep elf pyromancers
  10 phantasmal warriors
  2 fenstrider witch simulacra (Hell)
  2 oklob plants (Zot:2)
  21 ironbound convokers
  A lightning spire (Gauntlet)
  38 deep elf zephyrmancers
  2 stone giant zombies
  A wolf spider zombie (D:15)
  49 ugly things
  A glowing shapeshifter (WizLab)
  A bunyip skeleton (Crypt:2)
  12 shining eyes
  7 orc sorcerers
  15 salamanders
  A faun (shapeshifter) (WizLab)
  A shining eye (shapeshifter) (WizLab)
  A frost giant zombie (Crypt:2)
  A cyclops (shapeshifter) (WizLab)
  2 manticores (shapeshifter)
  5 cyclopes
  An alligator skeleton (Hell)
  21 manticores
  2 stone giant skeletons
  13 fauns
  A meliai (shapeshifter) (D:10)
  11 meliai
  22 moths of wrath
  An eye of devastation (shapeshifter) (WizLab)
  A spectral centaur (Crypt:2)
  42 black mambas
  An elephant (shapeshifter) (WizLab)
  12 guardian serpents
  13 merfolk sirens
  10 eyes of devastation
  4 titan simulacra
  Joseph (Lair:1)
  9 elephants
  9 rust devils
  A dire elephant zombie (Hell)
  5 water nymphs
  Jeremiah (D:7)
  A torpor snail (Lair:5)
  4 ice statues (Coc:3)
  3 water nymphs (shapeshifter) (WizLab)
  48 orange demons
  2 cane toads (shapeshifter)
  3 molten gargoyles
  18 vault sentinels
  15 naga magi
  A minotaur zombie (Crypt:2)
  Maggie (D:7)
  55 smoke demons
  12 cane toads
  A storm dragon simulacrum (Coc:1)
  2 unseen horrors
  A gargoyle (D:13)
  A centaur skeleton (D:15)
  96 large abominations
  A rime drake (shapeshifter) (D:10)
  An unseen horror (shapeshifter) (D:12)
  A kobold demonologist (D:12)
  A steelbarb worm zombie (Crypt:1)
  A yaktaur (shapeshifter) (Vaults:5)
  29 efreet
  36 yaktaurs
  10 hellions
  A rime drake (Lair:5)
  18 komodo dragons
  A spectral naga (Crypt:2)
  3 hydra zombies (Hell)
  26 tormentors
  A sea snake zombie (Hell)
  10 swamp worm zombies (Crypt:2)
  A komodo dragon (shapeshifter) (WizLab)
  11 freezing wraiths
  3 golden dragon simulacra
  A harpy zombie (Hell)
  3 ice devils (Pan)
  4 iron giant simulacra
  A pale draconian skeleton (Crypt:1)
  A spectral harpy (Crypt:2)
  7 red devils (Pan)
  A queen bee (shapeshifter) (D:12)
  8 trolls
  24 hellwings
  4 anaconda simulacra
  2 merfolk (shapeshifter)
  2 polar bears (Lair:5)
  A queen bee (Abyss:3)
  2 trolls (shapeshifter)
  Grinder (D:2)
  7 ancient zymes
  30 merfolk
  A yellow draconian skeleton (Crypt:1)
  8 wind drakes
  20 blink frogs
  18 raiju
  7 iron dragon simulacra
  A shadow dragon simulacrum (Coc:1)
  8 snapping turtles
  15 glass eyes
  A tarantella (Vaults:2)
  A harpy skeleton (Hell)
  5 hornets
  A hydra skeleton (Hell)
  3 dream sheep (Shoals:2)
  A fire dragon zombie (Crypt:1)
  118 slime creatures
  4 stone giant simulacra
  A black mamba zombie (Crypt:1)
  An ice dragon skeleton (Crypt:1)
  A centaur simulacrum (D:15)
  9 spriggans
  2 spriggans (shapeshifter)
  4 shadows
  11 dire elephant simulacra
  19 water elementals
  8 wyverns
  46 yaks
  A vampire (D:12)
  A fire elemental (Elf:3)
  19 small abominations
  66 ynoxinuls
  Grum (D:8)
  13 wraiths
  An alligator snapping turtle simulacrum (Coc:2)
  A basilisk (shapeshifter) (Vaults:5)
  7 basilisks
  A fire bat (Abyss:4)
  2 elves (WizLab)
  3 humans (WizLab)
  30 neqoxecs
  A tyrant leech zombie (Crypt:1)
  11 golden eyes
  A redback (Vaults:2)
  2 redbacks (shapeshifter)
  21 vampire mosquitoes
  3 steam dragons
  2 wargs
  25 iron golems
  3 minotaur simulacra (Snake:3)
  37 chaos spawn
  19 harpy simulacra
  4 acid dragons (D:12)
  3 swamp worms (shapeshifter) (WizLab)
  38 nagas
  4 hell hounds (Lair:5)
  9 hydra simulacra
  A naga skeleton (Crypt:2)
  19 water moccasins
  2 ice beasts
  20 orc warriors
  A swamp drake (shapeshifter) (D:10)
  A demonspawn skeleton (Crypt:2)
  9 ettin simulacra
  4 black bears
  A faun skeleton (Crypt:1)
  An ice beast (shapeshifter) (D:15)
  2 sky beasts
  A hornet zombie (D:7)
  63 laughing skulls
  An ogre (shapeshifter) (D:15)
  3 boggarts (D:15)
  4 ogres
  31 wolves
  8 centaurs
  2 phantoms
  4 weeping skulls
  A brain worm (shapeshifter) (D:14)
  3 kobold brigands
  An elf zombie (Ossuary)
  4 earth elementals
  12 bullfrogs
  2 gnoll sergeants
  3 naga simulacra
  10 necrophages
  A water moccasin zombie (D:7)
  A wyvern zombie (Crypt:2)
  5 scorpions
  14 wights
  5 burial acolytes
  A warg skeleton (Crypt:1)
  12 killer bees
  A swamp dragon simulacrum (Coc:1)
  2 lindwurm simulacra (IceCv)
  9 howler monkeys
  5 electric eels
  3 bullfrog zombies (D:7)
  5 lava snakes (Lair:5)
  A human zombie (D:7)
  5 centaur zombies
  2 gnoll boudas (D:10)
  A wolf skeleton (Crypt:2)
  3 bombardier beetles
  16 orc priests
  9 hounds
  3 iron imps
  24 jellies
  Jessica (D:2)
  Terence (D:3)
  An iguana (D:4)
  29 orc wizards
  A scorpion zombie (Crypt:1)
  Ijyb (D:3)
  7 hell rats
  A killer bee zombie (D:7)
  An ogre zombie (Crypt:1)
  A boggart simulacrum (D:15)
  5 mummies (Ossuary)
  A howler monkey zombie (D:7)
  17 gnolls
  9 adders
  A river rat (Sewer)
  3 shadow imps (Gauntlet)
  A white imp (D:8)
  6 ufetubi
  An iguana zombie (Crypt:2)
  5 ribbon worms
  6 dart slugs
  53 orcs
  4 bats
  12 endoplasms
  10 giant cockroaches
  8 goblins
  9 hobgoblins
  4 jackals (D:1)
  15 kobolds
  6 quokkas
  3 training dummies (D:8)
  8 ball pythons
  3 frilled lizards (Sewer)
  3 gnoll zombies (Ossuary)
  A kobold zombie (Ossuary)
  3 orc zombies (Ossuary)
  11 rats
  A river rat zombie (Crypt:2)
  17 aspiring fleshes
  A starspawn tentacle (Abyss:4)
  3 tentacles (Crypt:2)
4528 creatures vanquished.

Vanquished Creatures (collateral kills)
  A ghost moth (Pan)
  A gnoll (D:10)
2 creatures vanquished.

Vanquished Creatures (others)
  A nagaraja (Pan)
  A draconian annihilator (Zot:4)
  A war gargoyle (Vaults:4)
  A green death (Pan)
  A caustic shrike simulacrum (Coc:7)
  A rust devil (Hell)
  A harpy simulacrum (Coc:3)
  7 ball lightnings
  A lurking horror (Abyss:4)
  3 starspawn tentacles (Abyss:4)
  A tentacle (Crypt:2)
19 creatures vanquished.

Grand Total: 4549 creatures vanquished

Notes
Turn   | Place    | Note
-------+----------+-------------------------------------------
     0 | D:1      | Gabide the Tengu Air Elementalist began the quest for the
                  | Orb.
     0 | D:1      | Reached XP level 1. HP: 10/10 MP: 4/4
   165 | D:1      | Reached XP level 2. HP: 15/15 MP: 0/6
   672 | D:1      | Reached XP level 3. HP: 20/20 MP: 3/7
  1073 | D:2      | Learned a level 2 spell: Static Discharge
  1202 | D:2      | Noticed Jessica
  1207 | D:2      | Killed Jessica
  1208 | D:2      | Reached skill level 1 in Fighting
  1208 | D:2      | Reached XP level 4. HP: 21/25 MP: 3/8
  1637 | D:2      | Found a faded altar of an unknown god.
  1651 | D:2      | Noticed a scorpion
  1655 | D:2      | Killed a scorpion
  1656 | D:2      | Reached skill level 5 in Air Magic
  1656 | D:2      | Reached XP level 5. HP: 29/29 MP: 4/10
  2112 | D:3      | Noticed Grinder
  2251 | D:3      | Reached XP level 6. HP: 34/34 MP: 6/11
  2355 | D:2      | Killed Grinder
  2356 | D:2      | Gained mutation: Your magical flight helps you evade
                  | attacks. (EV +4) [Tengu growth]
  2356 | D:2      | Reached XP level 7. HP: 10/40 MP: 0/13
  2499 | D:3      | Learned a level 3 spell: Swiftness
  2631 | D:3      | Noticed Ijyb
  2931 | D:3      | Killed Ijyb
  3154 | D:3      | Noticed Terence
  3162 | D:3      | Killed Terence
  3163 | D:3      | Reached skill level 5 in Conjurations
  4237 | D:4      | Found an iron altar of Okawaru.
  4480 | D:4      | Reached XP level 8. HP: 45/45 MP: 8/15
  4575 | D:4      | Found a shadowy altar of Dithmenos.
  5412 | D:5      | Entered Level 5 of the Dungeon
  5426 | D:5      | Found a glowing drain.
  5487 | Sewer    | Entered a sewer
  5825 | Sewer    | Found a shimmering altar of Xom.
  5965 | D:5      | Reached skill level 5 in Spellcasting
  6737 | D:5      | Found a staircase to the Ecumenical Temple.
  6744 | Temple   | Entered the Ecumenical Temple
  6749 | Temple   | Became a worshipper of Vehumet
  6799 | D:5      | Found a shimmering blue altar of Sif Muna.
  6799 | D:5      | Found a hazy altar of Hepliaklqana.
  7205 | D:6      | Learned a level 4 spell: Airstrike
  7234 | D:6      | Reached XP level 9. HP: 50/50 MP: 9/18
  7687 | D:6      | Found a bloodstained altar of Trog.
  8480 | D:6      | Found a broken altar of Ashenzari.
  8576 | D:6      | Found a shimmering altar of Xom.
  8722 | D:7      | Found a sand-covered staircase.
  8731 | Ossuary  | Entered an ossuary
  9178 | D:7      | Found a hide-covered altar of Uskayaw.
  9181 | D:7      | Found Utiniost's Magic Scroll Emporium.
  9299 | D:7      | Reached skill level 5 in Fighting
  9299 | D:7      | Reached XP level 10. HP: 59/59 MP: 19/23
  9300 | D:7      | Reached XP level 11. HP: 65/65 MP: 19/25
  9500 | D:7      | Found a blossoming altar of Fedhas.
  9670 | D:7      | Reached * piety under Vehumet
  9670 | D:7      | Offered knowledge of Sandblast by Vehumet.
 10094 | D:7      | Noticed Jeremiah
 10116 | D:7      | Killed Jeremiah
 10401 | D:7      | Noticed Maggie
 10413 | D:7      | Killed Maggie
 11181 | D:7      | Found an ancient bone altar of Kikubaaqudgha.
 11546 | D:8      | Reached ** piety under Vehumet
 11651 | D:8      | Offered knowledge of Searing Ray by Vehumet.
 11652 | D:8      | Reached XP level 12. HP: 71/71 MP: 13/26
 12090 | D:8      | Noticed Grum
 12092 | D:8      | Killed Grum
 12223 | D:8      | Found a staircase to the Lair.
 12354 | D:8      | Found Heiv's Firing Range.
 12689 | D:8      | Found a glowing golden altar of the Shining One.
 12901 | D:9      | Reached skill level 5 in Dodging
 13237 | D:9      | Found an ornate altar of the Wu Jian Council.
 13282 | D:9      | Offered knowledge of Dazzling Flash by Vehumet.
 13284 | D:9      | Reached skill level 10 in Spellcasting
 13654 | D:9      | Reached *** piety under Vehumet
 13761 | D:9      | Found a snail-covered altar of Cheibriados.
 13964 | D:9      | Noticed a two-headed ogre
 13966 | D:9      | Killed a two-headed ogre
 14102 | D:10     | Entered Level 10 of the Dungeon
 14102 | D:10     | Found a staircase to the Orcish Mines.
 14308 | D:10     | Offered knowledge of Hailstorm by Vehumet.
 14313 | D:10     | Learned a level 3 spell: Hailstorm
 14475 | D:10     | Learned a level 3 spell: Mephitic Cloud
 14499 | D:10     | Noticed a two-headed ogre
 14774 | D:10     | Killed a two-headed ogre
 14884 | D:10     | Noticed a two-headed ogre
 14888 | D:10     | Killed a two-headed ogre
 14977 | D:10     | Noticed a two-headed ogre
 15078 | D:10     | Noticed a two-headed ogre
 15078 | D:10     | Noticed Gastronok
 15097 | D:9      | Killed a two-headed ogre
 15156 | D:10     | Noticed an ogre mage
 15442 | D:10     | Killed Gastronok
 15443 | D:10     | Reached skill level 15 in Air Magic
 15578 | D:10     | Reached skill level 15 in Conjurations
 15732 | D:10     | Reached **** piety under Vehumet
 15749 | D:10     | Killed an ogre mage
 15750 | D:10     | Reached XP level 13. HP: 76/78 MP: 13/28
 16522 | D:10     | Identified the +9 falchion of Foolhardiness {freeze, rN+}
 16898 | D:11     | You are sucked into a shaft and drop 2 floors!
 17097 | D:13     | Noticed a vault guard
 17260 | D:11     | Found a transporter.
 17267 | D:11     | Noticed AdnanSaban's ghost (journeyman GrFi)
 17302 | D:11     | Found a transporter.
 17327 | D:11     | Offered knowledge of Freezing Cloud by Vehumet.
 17334 | D:11     | Learned a level 5 spell: Freezing Cloud
 18772 | D:12     | Killed a vault guard
 19205 | D:12     | Reached ***** piety under Vehumet
 19207 | D:12     | Offered knowledge of Orb of Destruction by Vehumet.
 19216 | D:12     | Learned a level 7 spell: Orb of Destruction
 19304 | D:12     | Found a hide-covered altar of Uskayaw.
 19731 | D:12     | Reached XP level 14. HP: 86/86 MP: 19/31
 20612 | D:12     | Identified the +6 sling "Haosk" {antimagic, rPois rN++
                  | rCorr SInv}
 21610 | D:13     | Found Waokheyps's Antique Weapon Boutique.
 22030 | D:13     | Found a gate to the Vaults.
 23221 | D:14     | Found a broken altar of Ashenzari.
 23304 | D:14     | Reached skill level 5 in Stealth
 23517 | D:14     | Noticed Rupert
 23525 | D:14     | Killed Rupert
 24344 | D:15     | Entered Level 15 of the Dungeon
 24675 | D:15     | Reached skill level 10 in Fighting
 25583 | D:15     | Found a staircase to the Depths.
 25601 | D:15     | Reached XP level 15. HP: 64/92 MP: 14/33
 27001 | Lair:1   | Entered Level 1 of the Lair of Beasts
 27359 | Lair:1   | Noticed Joseph
 27367 | Lair:1   | Killed Joseph
 28538 | Lair:2   | Found a staircase to the Snake Pit.
 29895 | Lair:3   | Offered knowledge of Sticky Flame by Vehumet.
 29925 | Lair:3   | Found a staircase to the Shoals.
 30876 | Lair:3   | Noticed Josephine
 30881 | Lair:3   | Killed Josephine
 31305 | Lair:3   | Found a runed translucent door.
 31306 | Lair:3   | Noticed ripuliukko's ghost (journeyman GrEE)
 31841 | Lair:3   | Learned a level 2 spell: Blink
 31848 | Lair:3   | Learned a level 6 spell: Plasma Beam
 31866 | Lair:3   | Killed ripuliukko's ghost
 32008 | Lair:3   | Identified the staff of Gyvazost {rPois SInv Hexes Summ
                  | Alchemy}
 33512 | Lair:5   | Entered Level 5 of the Lair of Beasts
 33903 | Lair:5   | Reached XP level 16. HP: 99/99 MP: 23/35
 33903 | Lair:5   | Found a gate leading to a gauntlet.
 33911 | Gauntlet | Entered a Gauntlet
 33911 | Gauntlet | Found a transporter.
 33961 | Gauntlet | Found a transporter.
 33976 | Gauntlet | Found a transporter.
 33981 | Gauntlet | Found a transporter.
 33996 | Gauntlet | Found a transporter.
 33996 | Gauntlet | Found the +2 pair of slick slippers {slick, slippery, EV+4}
 34015 | Gauntlet | Found a transporter.
 34025 | Gauntlet | Found the macabre finger necklace {Finger+ rN+}
 34027 | Gauntlet | Found a transporter.
 34039 | Gauntlet | Found a transporter.
 34051 | Gauntlet | Found a transporter.
 34063 | Gauntlet | Found a transporter.
 34069 | Gauntlet | Found a transporter.
 34106 | Gauntlet | Found a transporter.
 34108 | Gauntlet | Found a transporter.
 34135 | Gauntlet | Found a transporter.
 34153 | Gauntlet | Found a transporter.
 34155 | Gauntlet | Found a transporter.
 34251 | Gauntlet | Found a transporter.
 34251 | Gauntlet | Found a transporter.
 34598 | Gauntlet | Got Vehumet's Grimoire of Energy
 34918 | Gauntlet | Identified the +5 orcbow of Disarray {flame, rC+ Str+2}
 34918 | Gauntlet | Identified the +1 plate armour "Wijo Siu" {rC+ rCorr}
 34974 | Gauntlet | Identified the +3 robe of the Tentacled God {rC- rCorr
                  | SInv}
 34975 | Gauntlet | Got the Handbook of Doom
 34995 | Gauntlet | Identified the +1 robe "Linis" {Harm rElec Int+5 Dex+2}
 35000 | Gauntlet | Got Qityut's Elucidation of the Excursion
 35565 | Lair:5   | Offered knowledge of Conjure Ball Lightning by Vehumet.
 36708 | Lair:5   | Reached skill level 15 in Spellcasting
 37567 | Lair:5   | Found a staircase to the Slime Pits.
 37803 | Lair:5   | Found a large runed translucent door.
 37803 | Lair:5   | Found a large runed translucent door.
 38214 | Lair:5   | Identified the +11 shortbow "Qeogrero" {flame, rElec}
 38215 | Lair:5   | Identified the ring of Linearity {^Drain Fly rF+ Will+
                  | Dex+3}
 38238 | Lair:5   | Learned a level 6 spell: Conjure Ball Lightning
 38389 | Orc:1    | Entered Level 1 of the Orcish Mines
 38913 | Orc:2    | Entered Level 2 of the Orcish Mines
 39005 | Orc:2    | Found Oclean's Book Emporium.
 39935 | Orc:2    | Found a staircase to the Elven Halls.
 40505 | Orc:2    | Found Lyhiuk's General Store.
 40518 | Orc:2    | Bought a scroll of fog for 56 gold pieces
 40518 | Orc:2    | Bought a scroll of teleportation for 42 gold pieces
 40613 | Orc:2    | Found Xuqudowk's Antique Armour Emporium.
 40628 | Orc:2    | Found Atwics's Antique Weapon Emporium.
 40754 | Orc:2    | Found Wothez's Jewellery Emporium.
 40761 | Orc:2    | Bought a ring of magical power for 280 gold pieces
 40761 | Orc:2    | Bought a ring of magical power for 280 gold pieces
 40773 | Orc:2    | Bought a ring of wizardry for 420 gold pieces
 41024 | Shoals:1 | Entered Level 1 of the Shoals
 41024 | Shoals:1 | Noticed Roxanne
 41029 | Shoals:1 | Killed Roxanne
 41241 | Shoals:1 | Reached ****** piety under Vehumet
 41282 | Shoals:1 | Identified the serpent talisman of Thoughtfulness {rC+
                  | Will+ Str+2}
 41282 | Shoals:1 | Noticed Aizul
 41293 | Lair:3   | Killed Aizul
 41425 | Shoals:1 | Offered knowledge of Yara's Violent Unravelling by Vehumet.
 41608 | Shoals:1 | Reached XP level 17. HP: 107/107 MP: 37/37
 42532 | Shoals:1 | Noticed Frances
 42537 | Shoals:1 | Killed Frances
 43455 | Shoals:2 | Offered knowledge of Eringya's Noxious Bog by Vehumet.
 43539 | Shoals:2 | Reached skill level 10 in Dodging
 44246 | Shoals:3 | Noticed Mara
 44525 | Shoals:3 | Noticed Mlioglotl
 44686 | Shoals:3 | Killed Mara
 45688 | Shoals:3 | Killed Mlioglotl
 45871 | Shoals:3 | Found Macorie's Weapon Boutique.
 46335 | Shoals:3 | Reached XP level 18. HP: 106/113 MP: 39/39
 46503 | Shoals:4 | Entered Level 4 of the Shoals
 46751 | Shoals:4 | Noticed Ilsuiw
 46763 | Shoals:4 | Killed Ilsuiw
 46903 | Shoals:4 | Found Bemomon's General Store.
 47387 | Orc:2    | Learned a level 9 spell: Chain Lightning
 48463 | Shoals:4 | Offered knowledge of Spellforged Servitor by Vehumet.
 49742 | Shoals:4 | Bought a scroll of enchant armour for 127 gold pieces
 50187 | Shoals:4 | Got a barnacled rune of Zot
 50693 | Shoals:4 | Identified the staff of the Conjuring Whale {Int-4 Dex+4
                  | Earth}
 50731 | Shoals:4 | Found Zopachint's Weapon Shoppe.
 51010 | D:8      | Bought a throwing net for 48 gold pieces
 51084 | D:7      | Bought a scroll of fog for 56 gold pieces
 51084 | D:7      | Bought a scroll of fear for 56 gold pieces
 51084 | D:7      | Bought a scroll of teleportation for 42 gold pieces
 51084 | D:7      | Bought a scroll of fear for 56 gold pieces
 51293 | Snake:1  | Entered Level 1 of the Snake Pit
 53640 | Snake:2  | Found Winkelried's Dragon-Slaying Spoils.
 53984 | Snake:3  | Found a glacial archway.
 54018 | Snake:3  | Offered knowledge of Maxwell's Capacitive Coupling by
                  | Vehumet.
 54277 | IceCv    | Entered an ice cave
 55396 | IceCv    | Reached XP level 19. HP: 120/120 MP: 18/41
 55942 | IceCv    | Identified the +1 robe of Altruism {Slay+3}
 55952 | IceCv    | Identified the +4 whip "Poefreps" {freeze, MP+9 Str+9 Int-3
                  | Dex-2}
 57140 | Snake:3  | Identified the ring of Descent {Fly Int+2 Dex+4}
 57359 | Snake:3  | Identified the +6 whip of a treasure trove {speed, Will++}
 58234 | Snake:4  | Entered Level 4 of the Snake Pit
 58903 | Snake:4  | Reached skill level 15 in Fighting
 59935 | Snake:4  | Got a serpentine rune of Zot
 60032 | Snake:4  | Offered knowledge of Fire Storm by Vehumet.
 60032 | Snake:4  | Offered knowledge of Shatter by Vehumet.
 60032 | Snake:4  | Offered knowledge of Polar Vortex by Vehumet.
 60466 | Snake:4  | Reached XP level 20. HP: 73/129 MP: 40/43
 61212 | Elf:1    | Entered Level 1 of the Elven Halls
 61655 | Elf:1    | Found a huge runed translucent gate.
 61657 | Elf:1    | Found a huge runed translucent gate.
 61657 | Elf:1    | Found a huge runed translucent gate.
 61657 | Elf:1    | Found a huge runed translucent gate.
 61657 | Elf:1    | Found a huge runed translucent gate.
 61723 | Elf:1    | Found a huge runed translucent gate.
 61724 | Elf:1    | Found a huge runed translucent gate.
 61724 | Elf:1    | Found a huge runed translucent gate.
 62719 | Elf:1    | You are sucked into a shaft and drop 1 floor!
 62735 | Elf:2    | Found a runed translucent gate.
 62736 | Elf:2    | Found a transporter.
 62736 | Elf:2    | Found Goac Mog's General Store.
 62736 | Elf:2    | Found a transporter.
 62773 | Elf:2    | Identified the +5 falchion of Benevolence {flame, Str+6
                  | Dex-5}
 63032 | Elf:2    | Bought a scroll of enchant armour for 150 gold pieces
 63054 | Elf:2    | Bought a potion of brilliance for 80 gold pieces
 63603 | Elf:2    | Found a runed translucent gate.
 63604 | Elf:2    | Found a runed translucent gate.
 65606 | Elf:1    | Identified the +0 double sword "Puqin" {holy, rPois Int-3
                  | Dex+2}
 66344 | Orc:2    | Bought Maxwell's Memoranda for 560 gold pieces
 66353 | Orc:2    | Learned a level 8 spell: Maxwell's Capacitive Coupling
 66440 | Elf:3    | Entered Level 3 of the Elven Halls
 66523 | Elf:3    | Reached XP level 21. HP: 103/136 MP: 44/44
 68466 | Elf:3    | Identified the +3 quarterstaff of Xiurph {flame, rF+ Int+4}
 69383 | Elf:3    | Identified the +12 longbow "Ogreslayer" {speed, rF+ rN+
                  | Str+2 Stlth+}
 69389 | Elf:3    | Identified the +9 spear "Derch" {venom, rElec rF+ Int+3
                  | Dex+4}
 69551 | Elf:3    | Identified the +8 battleaxe "Sisoss" {heavy, rF+ Will++
                  | Dex+3}
 69943 | Elf:3    | Identified the +1 cloak of Insurance {Str+4 SInv}
 69952 | Elf:3    | Identified the +7 plate armour "Ziahumim" {Fly Regen+
                  | Slay+2}
 69954 | Elf:3    | Got the Codex of Enchanted Position
 69977 | Elf:3    | Identified the staff "Migy" {rElec Dex+3 Air}
 69985 | Elf:3    | Identified the staff of Radicalism {rPois rF+ rC+ Str+3
                  | Fire Air}
 70377 | Depths:1 | Entered Level 1 of the Depths
 70586 | Depths:1 | Noticed Nikola
 70743 | Depths:1 | Killed Nikola
 71020 | Depths:1 | Noticed Asterion
 71024 | Depths:1 | Killed Asterion
 71395 | Depths:1 | Found a gateway to Hell.
 71957 | Depths:1 | Found Equntul's Vocational Training.
 72488 | Depths:2 | Found a hazy altar of Hepliaklqana.
 72712 | Depths:2 | Reached XP level 22. HP: 142/142 MP: 26/46
 73009 | Depths:2 | Identified the +0 helmet "Boggayl" {Stlth+}
 73148 | Depths:2 | Found a one-way gate to the infinite horrors of the Abyss.
 73242 | Depths:2 | Found a one-way gate leading to the halls of Pandemonium.
 73465 | Depths:3 | Identified the orb of Sorcery {light, SInv}
 73465 | Depths:3 | Noticed Frederick
 73466 | Depths:3 | Killed Frederick
 73908 | Depths:3 | Noticed the Enchantress
 73909 | Depths:3 | Killed the Enchantress
 74661 | Depths:3 | Identified the +2 chain mail "Soucou" {MP+9}
 75778 | Depths:4 | Entered Level 4 of the Depths
 75800 | Depths:4 | Noticed a juggernaut
 76004 | Depths:3 | Killed a juggernaut
 76248 | Depths:4 | Noticed a golden dragon
 76253 | Depths:4 | Killed a golden dragon
 76709 | Depths:4 | Found Etestu's Weapon Emporium.
 76711 | Depths:4 | Found Udigar's Armour Shoppe.
 76714 | Depths:4 | Found Bored's Antique Weapon Emporium.
 76818 | Depths:4 | Found a gate to the Realm of Zot.
 77209 | Depths:4 | Reached skill level 15 in Dodging
 77713 | Depths:4 | Found a one-way gateway to a ziggurat.
 78187 | Vaults:1 | Entered Level 1 of the Vaults
 78189 | Vaults:1 | Reached XP level 23. HP: 134/149 MP: 48/48
 78968 | Vaults:1 | Found Imeikhue's Weapon Emporium.
 79006 | Vaults:1 | Noticed Saint Roka
 79010 | Vaults:1 | Killed Saint Roka
 79229 | Vaults:1 | Identified 3 scrolls of acquirement
 79339 | Vaults:1 | Acquired the +1 robe of Tender Moments {^Drain rN+ Int+5}
 79342 | Vaults:1 | Acquired the +0 hat of Experimentation {rF- Regen+ Str+3
                  | Int+4}
 79365 | Vaults:1 | Acquired the +3 Mad Mage's Maulers {Infuse+∞ VampMP -Cast}
 79365 | Vaults:1 | Found the +3 Mad Mage's Maulers {Infuse+∞ VampMP -Cast}
 80662 | Vaults:1 | Identified the +3 trident "Haoweuk" {heavy, rPois}
 82421 | Vaults:2 | Reached XP level 24. HP: 146/157 MP: 16/49
 83177 | Vaults:2 | Found a staircase to the Crypt.
 83177 | Vaults:2 | Found an ancient bone altar of Kikubaaqudgha.
 83178 | Vaults:2 | Found a basalt altar of Yredelemnul.
 84289 | Vaults:3 | Found Yrenedd's Assorted Antiques.
 84384 | Vaults:3 | Bought a pitted iron ring for 150 gold pieces
 84384 | Vaults:3 | Identified the ring of the Seeker {rElec rPois rC+ Will-
                  | Str+6 Int+5} (You bought it in a shop on level 3 of the
                  | Vaults)
 84384 | Vaults:3 | Bought a potion of magic for 240 gold pieces
 85524 | Vaults:3 | Learned a level 4 spell: Passage of Golubria
 85527 | Vaults:3 | Learned a level 2 spell: Sublimation of Blood
 85834 | Vaults:3 | Found Otuenig's Magic Scroll Boutique.
 85844 | Vaults:3 | Bought a scroll of teleportation for 45 gold pieces
 85916 | Vaults:4 | Noticed Jory
 85919 | Vaults:4 | Killed Jory
 85930 | Vaults:4 | Identified the +3 kite shield of Xithecla {rElec}
 85930 | Vaults:4 | Noticed Donald
 85931 | Vaults:4 | Killed Donald
 86398 | Vaults:4 | Noticed Sojobo
 86400 | Vaults:4 | Killed Sojobo
 86725 | Vaults:4 | Identified the +1 hand axe of a bazaar {holy, rN+}
 86950 | Vaults:4 | Learned a level 8 spell: Lehudib's Crystal Spear
 87912 | Vaults:4 | Reached XP level 25. HP: 151/163 MP: 46/50
 88187 | Vaults:5 | Entered Level 5 of the Vaults
 88545 | Vaults:5 | Reached skill level 27 in Conjurations
 89404 | Vaults:5 | Noticed a dread lich
 89700 | Vaults:5 | Killed a dread lich
 89908 | Vaults:5 | Identified the +6 long sword of Robo {freeze, Dex+4}
 89912 | Vaults:5 | Identified the +1 battleaxe "Tuduech" {freeze, Fly Stlth+}
 90081 | Vaults:5 | Noticed an ancient lich
 90083 | Vaults:5 | Killed an ancient lich
 90154 | Vaults:5 | Got a silver rune of Zot
 90246 | Vaults:5 | Identified the +7 falchion of Floods {heavy, *Rage rN+
                  | Str+3}
 90406 | Vaults:5 | Found Mileajoj's Magic Scroll Shop.
 90416 | Vaults:5 | Identified the +7 falchion of Crystal {vamp, Dex+3}
 90419 | Vaults:5 | Bought a scroll of acquirement for 884 gold pieces
 90428 | Vaults:5 | Acquired the +1 cloak of the Kissing Gods {Rampage Fly rN+
                  | Will+}
 90498 | Vaults:5 | Noticed an ancient lich
 90501 | Vaults:5 | Killed an ancient lich
 90502 | Vaults:5 | Reached skill level 27 in Air Magic
 90774 | Vaults:5 | Got Xuaxzing's Cyclopedia of the Mortuary
 90941 | Vaults:5 | Identified the +1 ring mail of Gofecs {rN+ Regen+ Dex+3}
 91585 | Depths:4 | Bought the +0 acid dragon scales "Qicingen" {rCorr Int+2}
                  | for 819 gold pieces
 91823 | Crypt:1  | Entered Level 1 of the Crypt
 91980 | Crypt:1  | Reached skill level 1 in Armour
 92905 | Crypt:1  | Found a runed translucent gate.
 92905 | Crypt:1  | Found a runed translucent gate.
 92905 | Crypt:1  | Found a runed translucent gate.
 92910 | Crypt:1  | Noticed Coff's ghost (veteran MiGl)
 92910 | Crypt:1  | Noticed Woadakig's ghost (veteran FoFi)
 92928 | Crypt:1  | Killed Woadakig's ghost
 92929 | Crypt:1  | Killed Coff's ghost
 93191 | Crypt:1  | Identified the ring of Isoxi {rF- rC- Int+7 Dex+6 SInv}
 93860 | Crypt:2  | Found a magical portal.
 93886 | WizLab   | Entered Cigotuvi's Fleshworks
 94568 | WizLab   | Reached XP level 26. HP: 168/168 MP: 44/52
 95335 | WizLab   | Identified the maw talisman of Terror {*Slow Will++ Str+3}
 95344 | WizLab   | Identified the maw talisman "Jihoim" {Str-5 Dex+6}
 96470 | WizLab   | Found the -2 hat of the Alchemist {rElec rPois rF+ rC+ rN+
                  | Will+ rMut rCorr}
 98558 | Crypt:3  | Entered Level 3 of the Crypt
 98966 | Crypt:3  | Found an ancient bone altar of Kikubaaqudgha.
100101 | Crypt:3  | Found a staircase to the Tomb.
100121 | Crypt:3  | Got Beginning Willworking
100446 | Crypt:3  | Found the +9 sword of Zonguldrok {reap}
100971 | Slime:1  | Entered Level 1 of the Pits of Slime
101175 | Slime:2  | Reached XP level 27. HP: 179/179 MP: 50/54
103964 | Slime:5  | Entered Level 5 of the Pits of Slime
103986 | Slime:5  | Noticed the Royal Jelly
105778 | Slime:5  | Found a viscous altar of Jiyva.
105857 | Slime:5  | Killed the Royal Jelly
105858 | Slime:5  | Reached skill level 27 in Spellcasting
106168 | Slime:5  | Got the Codex of the Familiar
106171 | Slime:5  | Identified the amulet "Gisozaqo" {Reflect rC+ Dex+3 SH+5}
106182 | Slime:5  | Identified the +8 demon whip "Luxeskiz" {flame, rC+ Int+6}
106228 | Slime:5  | Got the Papyrus of the Tropics and Ozone
106242 | Slime:5  | Identified the +4 sling of Hyqienaw {heavy, rElec rPois
                  | Will- Int+5}
106244 | Slime:5  | Got a slimy rune of Zot
106251 | Slime:5  | Identified the +6 scale mail of Beogh's Favour {rElec rCorr
                  | MP+9 Slay-2}
107307 | Depths:2 | Voluntarily entered the Abyss.
107480 | Depths:2 | Escaped the Abyss
107683 | Depths:2 | Voluntarily entered the Abyss.
107689 | Abyss:1  | Found a corrupted altar of Lugonu.
107767 | Abyss:1  | Found a corrupted altar of Lugonu.
107783 | Abyss:2  | Found a corrupted altar of Lugonu.
107855 | Abyss:3  | Got an abyssal rune of Zot
108164 | Depths:2 | Escaped the Abyss
108309 | Pan      | Entered the realm of Gloorx Vloq.
108309 | Pan      | Entered Pandemonium
111470 | Pan      | Learned a level 4 spell: Iskenderun's Mystic Blast
112175 | Pan      | Learned a level 6 spell: Bombard
112612 | Pan      | Noticed Gloorx Vloq
112615 | Pan      | Killed Gloorx Vloq
112996 | Pan      | Got a dark rune of Zot
113141 | Pan      | Reached skill level 5 in Armour
113310 | Pan      | Glimpsed the power of Zot.
113439 | Pan      | Entered the realm of Mnoleg.
113881 | Pan      | Reached skill level 10 in Armour
114898 | Pan      | Noticed Mnoleg
114908 | Pan      | Killed Mnoleg
115119 | Pan      | Got a glowing rune of Zot
115171 | Pan      | Identified the +6 long sword "Grom" {spect, rElec rN+
                  | Dex+3}
116304 | Pan      | Reached skill level 10 in Stealth
116812 | Pan      | Noticed Ninenge the pandemonium lord
116815 | Pan      | Killed Ninenge the pandemonium lord
116888 | Pan      | Identified the staff "Mutugym" {rN+ Str-4 Dex+7 Conj Summ
                  | Necro}
116943 | Pan      | Identified the +6 plate armour of Dim Light {Str+2}
118858 | Pan      | Noticed Ovuzahu Dyod the pandemonium lord
118867 | Pan      | Killed Ovuzahu Dyod the pandemonium lord
120350 | Pan      | Reached skill level 15 in Armour
121999 | Pan      | Got a demonic rune of Zot
122037 | Pan      | Identified the staff of Valiance {rElec Int+3 Earth}
122127 | Pan      | Gained mutation: You occasionally shout uncontrollably at
                  | your foes. [a cacodemon]
122308 | Pan      | Lost mutation: You occasionally shout uncontrollably at
                  | your foes. [potion of mutation]
122308 | Pan      | Gained mutation: You have hidden genetic potential. [potion
                  | of mutation]
122308 | Pan      | Gained mutation: Your magical capacity is low. (-10% MP)
                  | [potion of mutation]
122308 | Pan      | Gained mutation: Your muscles are strong. (Str +4, Int/Dex
                  | -1) [potion of mutation]
122309 | Pan      | Lost mutation: You have hidden genetic potential. [potion
                  | of mutation]
122309 | Pan      | Lost mutation: Your magical capacity is low. (-10% MP)
                  | [potion of mutation]
122309 | Pan      | Gained mutation: You are clumsy. (Dex -2) [potion of
                  | mutation]
122309 | Pan      | Gained mutation: Your mind is acute. (Int +4, Str/Dex -1)
                  | [potion of mutation]
122309 | Pan      | Gained mutation: You are somewhat resistant to further
                  | mutation. [potion of mutation]
122310 | Pan      | Lost mutation: You are clumsy. (Dex -2) [potion of
                  | mutation]
122310 | Pan      | Lost mutation: Your muscles are strong. (Str +4, Int/Dex
                  | -1) [potion of mutation]
122310 | Pan      | Lost mutation: Your mind is acute. (Int +4, Str/Dex -1)
                  | [potion of mutation]
122311 | Pan      | Lost mutation: You are somewhat resistant to further
                  | mutation. [potion of mutation]
122311 | Pan      | Gained mutation: You are partially covered in iridescent
                  | scales. (AC +2) [potion of mutation]
122311 | Pan      | Gained mutation: You occasionally shout uncontrollably at
                  | your foes. [potion of mutation]
122311 | Pan      | Gained mutation: You have hidden genetic potential. [potion
                  | of mutation]
122312 | Pan      | Lost mutation: You are partially covered in iridescent
                  | scales. (AC +2) [potion of mutation]
122312 | Pan      | Lost mutation: You occasionally shout uncontrollably at
                  | your foes. [potion of mutation]
122312 | Pan      | Gained mutation: Your body sometimes deteriorates upon
                  | taking damage. [potion of mutation]
122312 | Pan      | Gained mutation: You occasionally lose the ability to drink
                  | potions when taking damage. [potion of mutation]
122313 | Pan      | Lost mutation: You occasionally lose the ability to drink
                  | potions when taking damage. [potion of mutation]
122313 | Pan      | Lost mutation: You have hidden genetic potential. [potion
                  | of mutation]
122313 | Pan      | Gained mutation: A frigid envelope surrounds you and
                  | freezes all who hurt you. [potion of mutation]
122313 | Pan      | Gained mutation: You are weak. (Str -2) [potion of
                  | mutation]
122313 | Pan      | Gained mutation: You have an increased reservoir of magic.
                  | (+10% MP) [potion of mutation]
122314 | Pan      | Lost mutation: A frigid envelope surrounds you and freezes
                  | all who hurt you. [potion of mutation]
122314 | Pan      | Lost mutation: You have an increased reservoir of magic.
                  | (+10% MP) [potion of mutation]
122314 | Pan      | Gained mutation: You occasionally lose the ability to drink
                  | potions when taking damage. [potion of mutation]
122315 | Pan      | Lost mutation: You occasionally lose the ability to drink
                  | potions when taking damage. [potion of mutation]
122315 | Pan      | Lost mutation: Your body sometimes deteriorates upon taking
                  | damage. [potion of mutation]
122315 | Pan      | Lost mutation: You are weak. (Str -2) [potion of mutation]
122315 | Pan      | Gained mutation: You are partially covered in iridescent
                  | scales. (AC +2) [potion of mutation]
122315 | Pan      | Gained mutation: You have sharp fingernails. [potion of
                  | mutation]
122316 | Pan      | Lost mutation: You are partially covered in iridescent
                  | scales. (AC +2) [potion of mutation]
122316 | Pan      | Lost mutation: You have sharp fingernails. [potion of
                  | mutation]
122316 | Pan      | Gained mutation: You are clumsy. (Dex -2) [potion of
                  | mutation]
122316 | Pan      | Gained mutation: Your system is resistant to poisons.
                  | (rPois) [potion of mutation]
122317 | Pan      | Lost mutation: Your system is resistant to poisons. (rPois)
                  | [potion of mutation]
122317 | Pan      | Lost mutation: You are clumsy. (Dex -2) [potion of
                  | mutation]
122317 | Pan      | Gained mutation: You are strong-willed. (Will+) [potion of
                  | mutation]
122317 | Pan      | Gained mutation: You passively dampen the noise of your
                  | surroundings. [potion of mutation]
122317 | Pan      | Gained mutation: You are partially covered in iridescent
                  | scales. (AC +2) [potion of mutation]
124648 | Pan      | Found an exit through the horrors of the Abyss.
124654 | Pan      | Gained mutation: Your natural rate of healing is unusually
                  | fast. [a neqoxec]
124899 | Pan      | Noticed Juaziy the pandemonium lord
124904 | Pan      | Killed Juaziy the pandemonium lord
125010 | Pan      | Took an exit into the Abyss.
125010 | Abyss:4  | Escaped into the Abyss
125421 | Depths:2 | Escaped the Abyss
125569 | Zot:1    | Entered Level 1 of the Realm of Zot
125733 | Zot:1    | Identified the +0 robe "Decwu" {rElec SInv}
126004 | Zot:1    | Noticed a dread lich
126006 | Zot:1    | Killed a dread lich
126629 | Zot:1    | You are sucked into a shaft and drop 1 floor!
126629 | Zot:2    | Found a stormy altar of Qazlal.
126647 | Zot:2    | Noticed an orb of fire
126651 | Zot:2    | Gained mutation: You are vulnerable to cold. (rC-) [an orb
                  | of fire]
126652 | Zot:2    | Killed an orb of fire
126948 | Zot:2    | Lost mutation: You are partially covered in iridescent
                  | scales. (AC +2) [potion of mutation]
126948 | Zot:2    | Lost mutation: You are vulnerable to cold. (rC-) [potion of
                  | mutation]
126948 | Zot:2    | Lost mutation: You passively dampen the noise of your
                  | surroundings. [potion of mutation]
126948 | Zot:2    | Gained mutation: You have hidden genetic potential. [potion
                  | of mutation]
126970 | Zot:2    | Found a stormy altar of Qazlal.
127695 | Zot:2    | Reached skill level 27 in Fighting
128352 | Zot:2    | Found a transporter.
128599 | Zot:2    | Found a transporter.
128640 | Zot:2    | Found a transporter.
128926 | Zot:2    | Found a transporter.
130685 | Zot:5    | Entered Level 5 of the Realm of Zot
131290 | Zot:5    | Noticed a dread lich
131292 | Zot:5    | Killed a dread lich
131310 | Zot:5    | Gained mutation: Your mind is acute. (Int +4, Str/Dex -1)
                  | [hidden potential]
131919 | Zot:5    | Noticed an ancient lich
131921 | Zot:5    | Killed an ancient lich
132523 | Zot:5    | Noticed a dread lich
132525 | Zot:5    | Killed a dread lich
133109 | Zot:5    | Noticed an orb of fire
133113 | Zot:5    | Killed an orb of fire
133265 | Zot:5    | Noticed an orb of fire
133270 | Zot:5    | Killed an orb of fire
133418 | Zot:5    | Noticed a dread lich
133422 | Zot:5    | Killed a dread lich
133483 | Zot:5    | Noticed an ancient lich
133485 | Zot:5    | Killed an ancient lich
133546 | Zot:5    | Noticed an ancient lich
133548 | Zot:5    | Killed an ancient lich
133554 | Zot:5    | Noticed a dread lich
133558 | Zot:5    | Killed a dread lich
133644 | Zot:5    | Noticed a dread lich
133646 | Zot:5    | Killed a dread lich
134173 | Zot:5    | Noticed a dread lich
134175 | Zot:5    | Killed a dread lich
134197 | Zot:5    | Noticed an ancient lich
134199 | Zot:5    | Killed an ancient lich
134900 | Zot:5    | Noticed an orb of fire
134907 | Zot:5    | Killed an orb of fire
135554 | Pan      | Entered Pandemonium
136077 | Pan      | Noticed Quuvuhay the pandemonium lord
136080 | Pan      | Killed Quuvuhay the pandemonium lord
136359 | Pan      | Found an exit through the horrors of the Abyss.
136989 | Pan      | Entered the realm of Lom Lobon.
137164 | Pan      | Reached skill level 27 in Dodging
137211 | Pan      | Gained mutation: Your system is resistant to poisons.
                  | (rPois) [hidden potential]
137211 | Pan      | Lost mutation: You have hidden genetic potential. [hidden
                  | potential expressed]
138672 | Pan      | Noticed Lom Lobon
138687 | Pan      | Killed Lom Lobon
138891 | Pan      | Got a magical rune of Zot
139210 | Pan      | Noticed Saitesh the pandemonium lord
139291 | Pan      | Killed Saitesh the pandemonium lord
140808 | Pan      | Entered the realm of Cerebov.
140827 | Pan      | Identified the +10 falchion "Cuis" {heavy, Dex+2}
140829 | Pan      | Identified the maw talisman of the Sea {rCorr Str+4 Int-3}
143597 | Pan      | Got the Volume of the Vile Crevasse
143600 | Pan      | Got the Spellbook of the Noxious Glacier
143674 | Pan      | Identified the +3 rapier "Goriojioni" {protect, Int+4
                  | Stlth+}
143677 | Pan      | Identified the staff "Ulyimmol" {rC+ Will+ Dex+5 Ice}
144372 | Pan      | Found the +6 sword of Cerebov {flame}
144372 | Pan      | Noticed Cerebov
144388 | Pan      | Killed Cerebov
144545 | Pan      | Got a fiery rune of Zot
144567 | Pan      | Identified the +3 dagger of an ice cave {distort, Fly
                  | Dex+2}
146532 | Pan      | Noticed Wukol the pandemonium lord
146534 | Pan      | Killed Wukol the pandemonium lord
146664 | Pan      | Reached skill level 27 in Armour
146890 | Pan      | Found an exit through the horrors of the Abyss.
147533 | Pan      | Took an exit into the Abyss.
147533 | Abyss:4  | Escaped into the Abyss
147533 | Abyss:4  | Found a corrupted altar of Lugonu.
147725 | Abyss:4  | Found a corrupted altar of Lugonu.
147836 | Abyss:4  | Found a corrupted altar of Lugonu.
147923 | Depths:2 | Escaped the Abyss
148048 | Hell     | Entered the Vestibule of Hell
148048 | Hell     | Noticed Geryon
148054 | Hell     | Killed Geryon
148500 | Orc:2    | Bought the +9 scales of the Dragon King {rPois rF+ rC+
                  | Will+} for 4867 gold pieces
148500 | Orc:2    | Found the +9 scales of the Dragon King {rPois rF+ rC+
                  | Will+}
148841 | Hell     | Reached skill level 15 in Stealth
149037 | Hell     | Reached skill level 5 in Shields
149116 | Hell     | Found a gateway to the ashen valley of Gehenna.
149230 | Hell     | Found a gateway to the Iron City of Dis.
149542 | Hell     | Found a gateway to the freezing wastes of Cocytus.
149714 | Hell     | Found a gateway to the decaying netherworld of Tartarus.
149826 | Coc:1    | Entered Level 1 of Cocytus
151444 | Coc:3    | Reached skill level 10 in Shields
152141 | Coc:4    | Paralysed by a wendigo for 1 turns
153269 | Coc:6    | Reached skill level 15 in Shields
153534 | Coc:7    | Entered Level 7 of Cocytus
153979 | Dis:1    | Entered Level 1 of the Iron City of Dis
155612 | Orc:2    | Bought a +6 ring of strength for 504 gold pieces
161144 | Dis:7    | Entered Level 7 of the Iron City of Dis
162490 | Dis:7    | Noticed a juggernaut
162493 | Dis:7    | Killed a juggernaut
162611 | Dis:7    | Got the Omnibus of Reformation
164702 | Dis:7    | Noticed a juggernaut
164706 | Dis:7    | Killed a juggernaut
165802 | Dis:7    | Noticed Dispater
165809 | Dis:7    | Killed Dispater
165842 | Dis:7    | Found the +10 zealot's sword {holy, Zealotry, *Rage rN+
                  | EV+3}
165842 | Dis:7    | Found the +10 Black Knight's barding {ponderous, rPois rN+}
165891 | Dis:7    | Got an iron rune of Zot
166193 | Coc:7    | Killed by arc of chain lightning

Illustrated notes

Levels and vault maps discovered:
D:1:      dpeg_arrival_rooms_a, layout_rooms, serial_bayou_pond_b
D:2:      layout_basic, hellmonk_ecumenical_altar_pennies_from_heaven,
          uniq_jessica
D:3:      minmay_chambers_of_threes, layout_loops_ring, uniq_terence,
          uniq_grinder, uniq_ijyb
D:4:      layout_cave_pools, lemuel_crystal_altar, lemuel_round_altar,
          serial_library, serial_library_hellmonk_junction,
          serial_library_hellmonk_secret_room,
          serial_library_hellmonk_hallway_a, serial_library_hellmonk_u_bend,
          serial_library_hellmonk_long_bookcase,
          serial_library_hellmonk_narrow_alcove,
          serial_library_hellmonk_angled_corner, serial_library_hellmonk_room_c,
          serial_library_hellmonk_big_corner, serial_library_hellmonk_h_bend
D:5:      nicolae_cairo_tiling, layout_loops_ring,
          gammafunk_temple_overflow_wave, minmay_temple_entry_overgrown,
          cheibrodos_sewer_entry_bend, columned_hall_lemuel, lightli_minifort
D:6:      layout_loops_corners, mainiacjoe_overflow_small_starburst,
          hangedman_feature_mirror
D:7:      layout_loops_cross, mainiacjoe_overflow_paths,
          mainiacjoe_overflow_surrounded_room,
          lemuel_mausoleum_altar_kikubaaqudgha, serial_shops, shop,
          nicolae_ossuary_entry_monument, uniq_maggie, uniq_jeremiah
D:8:      layout_basic, mainiacjoe_overflow_alcove_2, erik_lair_island,
          st_stairs_4, nicolae_shop_firing_range, uniq_grum
D:9:      layout_roguey, lemuel_crystal_altar, nzn_wu_jian_contemplation
D:10:     regret_index_malice_mire, layout_cave_pools, orc_0_dummy,
          uniq_gastronok
D:11:     layout_basic, gammafunk_ghost_stat_death, serial_bayou_ford_a
D:12:     minmay_the_grid_octo_tiled_octocenter_mashed
          [minmay_the_grid_octo_fan_narrow, minmay_the_grid_octo_pinwheel,
          minmay_the_grid_octo_fat_diamond, minmay_the_grid_octo_clover,
          minmay_the_grid_octo_prize_square_snowflake,
          minmay_the_grid_square_5x5_plus, minmay_the_grid_square_5x5_shrine2,
          minmay_the_grid_square_5x5_v, minmay_the_grid_square_5x5_tetrominoes],
          layout_irregular_city, nicolae_uskayaw_suspiria
D:13:     layout_big_octagon, david_vaults_5, serial_shops,
          nicolae_shop_behind_doors, serial_bayou, serial_bayou_lagoon_b,
          serial_bayou_pond_a, serial_bayou_pond_e, serial_bayou_pond_d,
          minivault_5, minmay_misc_feat_cross
D:14:     layout_loops_ring, nicolae_ashenzari_panopticon,
          minmay_misc_feat_hallway, uniq_rupert
D:15:     grunt_enter_depths_magical_seal, layout_irregular_city,
          minmay_misc_feat_encased
Temple:   minmay_freezing_vapour_temple
Lair:1:   layout_regular_city, serial_bayou_shore_b, uniq_joseph
Lair:2:   layout_long_grid, minmay_snake_entry_guardpost_small,
          chequers_serial_rivers_small_a, serial_bayou_pond_b
Lair:3:   layout_cave_pods, minmay_shoals_entry_centaurs,
          ebering_ghost_inner_flame, uniq_josephine
Lair:4:   layout_gridlike, lemuel_fruit_tree, infiniplex_staircase_pool
Lair:5:   cheibrodos_lair_end_hotspot, layout_cave_pods, slime_entry_1,
          gauntlet_entry_generic, st_stairs_12, chequers_serial_rivers_marsh
Shoals:1: layout_shoals, uniq_frances, uniq_roxanne, uniq_aizul
Shoals:2: layout_shoals, nicolae_shoals_former_cling_halls
Shoals:3: layout_shoals, serial_shops, shop, uniq_mlioglotl, uniq_mara
Shoals:4: shoals_end_grunt_ice, layout_shoals, shoals_ilsuiw_ice, serial_shops,
          shop, shop
Snake:1:  layout_concentric_octagons, serial_bayou_crossing
Snake:2:  layout_misc_corridors, nicolae_shop_dragon_depot,
          nicolae_snake_slithery_hallway
Snake:3:  layout_misc_corridors, portal_ice_cave_entry_ice_simulacra,
          serial_library_hellmonk_open_cross, drop_trap,
          nicolae_snake_naga_rites, grunt_megastairs_5
Snake:4:  snake_hunt, layout_rooms, st_stairs_12, nicolae_snake_lava_pool
Slime:1:  layout_caves
Slime:2:  layout_caves, cheibrodos_slime_lost_civilization_7
Slime:3:  cheibrodos_slime_lost_civilization_10, layout_caves
Slime:4:  layout_caves, special_room [special_room_jelly]
Slime:5:  slime_pit_nicolae_amoeboid
Orc:1:    layout_diamond_mine, serial_shops, nicolae_square_shop
Orc:2:    grunt_orc_cross, layout_diamond_mine, serial_shops, shop
Elf:1:    eino_elf_arrival_shootout, layout_geoelf_diagonals,
          hangedman_elven_crosses_minicolossus,
          nicolae_elf_double_double_double_trouble
Elf:2:    elven_hall_of_blades_hangedman_original
          [nicolae_blade_entry_diamond_columns], layout_gridlike, serial_shops,
          nicolae_shop_drivethru
Elf:3:    elf_hall, layout_rooms, feat_on_display, grunt_megastairs_2
Vaults:1: dpeg_vaults_monster_row, hangedman_vaults_stitches,
          nicolae_vaults_doubleplus_tesselated,
          nicolae_vaults_ring_of_whatevers, nicolae_vaults_tetromino_T_1,
          v_misc_30, nicolae_vaults_tetromino_Z_2, v_alt_pattern_4,
          nicolae_vaults_taking_the_gang_shopping, st_lattice, v_alt_pattern_2,
          v_misc_24, layout_vaults_maze_bifur, uniq_saint_roka
Vaults:2: minmay_crypt_entry_necro_gods, v_alt_pattern_1,
          nicolae_vaults_asterisk, nicolae_vaults_c_with_doors,
          hangedman_vaults_capsules, hangedman_vaults_corner,
          nicolae_vaults_trapezoid_lopsided_3, nicolae_vaults_ninety_degrees,
          vaults_standard_mumra_lines, nicolae_vaults_little_squares_2,
          nicolae_vaults_asterisk, nicolae_vaults_gold_heap, v_misc_15,
          layout_vaults_omnicross
Vaults:3: vaults_room_grid, nicolae_vaults_turnstiles,
          nicolae_vaults_little_squares_6, nicolae_vaults_diamond_2, v_misc_16,
          vaults_room_mumra_shop_pool, v_rooms_4, nicolae_vaults_diamond_2,
          vaults_standard_mumra_enter_the_diamond, v_misc_30,
          grunt_vaults_focal, dpeg_vaults_monster_box,
          vaults_dpeg_emergency_exit, layout_vaults_omnibox, serial_shops, shop
Vaults:4: nicolae_vaults_cochlea, nicolae_vaults_security_offices_2,
          vaults_room_pool, vaults_standard_mumra_enter_the_diamond,
          nicolae_vaults_storage_room_doors, v_misc_14,
          ontoclasm_vaults_decontamination, layout_vaults_omnigrid, uniq_sojobo,
          uniq_jory, uniq_donald
Vaults:5
Crypt:1:  layout_misc_corridors, gammafunk_ghost_cemetery,
          chequers_hall_statues_wall_a
Crypt:2:  layout_misc_corridors, mu_enter_wizlab_1, lemuel_dead_fish_pool,
          nicolae_crypt_knee_deep_in_the_dead, grunt_megastairs_4
Crypt:3:  grunt_crypt_end_deaths_head
Depths:1: layout_small_grid, grunt_mini_vestibule,
          serial_library_regret_index_double_sided, nicolae_shop_vocational,
          uniq_asterion, uniq_nikola
Depths:2: kennysheep_blocky_room, layout_cave_pools, rand_demon_pan_entry_1,
          nicolae_hepliaklqana_hazy_memory, hangedman_coc_ice_floe, abyss_entry,
          minmay_hedge_maze, nicolae_zig_zag_zippers, serial_bayou_shore_b
Depths:3: nicolae_cairo_tiling_large, layout_gridlike, rand_demon_pan_entry_9,
          hangedman_abyss_entry_splay, hell_entry, hex_medium,
          minmay_staircase_statues_hall_small, firewood_loft, uniq_enchantress,
          uniq_frederick
Depths:4: grunt_crosshair, layout_basic, enter_ziggurat_d,
          rand_demon_pan_entry_3, hell_entry, nicolae_the_louvre,
          minmay_shop_star
Hell
Dis:1:    nicolae_dis_heavy_handed_symbolism
Dis:2:    layout_gridville
Dis:3:    layout_gridville
Dis:4:    layout_regular_city
Dis:5:    grunt_dis_stairs_iron_hall
Dis:6:    nicolae_dis_pentagon_1, layout_gridville
Dis:7:    dis_st
Coc:1:    layout_cocytus_water_paths
Coc:2:    layout_cocytus_delve
Coc:3:    nicolae_coc_city_of_iceburg
Coc:4:    layout_cocytus_water_paths
Coc:5:    layout_ice_bergs
Coc:6:    layout_cocytus_water_paths
Coc:7:    coc_dpeg
Zot:1:    layout_gridlike, lemuel_lich_library,
          regret_index_zotdec_twisting_globes
Zot:2:    lemuel_acid_trip, layout_cathedral_of_symmetry,
          regret_index_zotdec_storm_pass, nicolae_diode_intersection
Zot:3:    layout_misc_corridors
Zot:4:    layout_misc_corridors, hangedman_zot_decor_tridents
Zot:5:    layout_cellular_growth

Skill      XL: |  1  2  3  4  5  6  7  8  9 10 11 12 13 14 15 16 17 18 19 20 21 22 23 24 25 26 27 |
---------------+----------------------------------------------------------------------------------+-----
Conjurations   | 2 3 4 5 7 12 13 15 16 18 19 21 22 23 24 25 26 27 | 27.0
Fighting       | 1 2 3 5 6 7 9 10 12 13 15 16 17 18 19 27 | 27.0
Air Magic      | 5 6 7 9 12 13 15 16 18 19 21 22 23 24 25 26 27 | 27.0
Dodging        | 3 4 6 7 8 9 10 11 12 13 15 27 | 27.0
Spellcasting   | 3 4 5 8 9 10 12 13 14 15 16 17 18 19 20 21 22 24 26 27 | 27.0
Stealth        | 3 4 5 6 15 | 15.0
Armour         | 3 27 | 27.0
Shields        | 25 | 25.4

Action                     |  1- 3 |  4- 6 |  7- 9 | 10-12 | 13-15 | 16-18 | 19-21 | 22-24 | 25-27 || total
---------------------------+-------+-------+-------+-------+-------+-------+-------+-------+-------++-------
  Melee: Unarmed           |     2 |       |       |       |       |       |       |       |       ||     2
         Peck              |     1 |       |     5 |     4 |    21 |    12 |    39 |    11 |    92 ||   185
         Kick              |     1 |       |     6 |     8 |    32 |    22 |    57 |     9 |   161 ||   296
         Short sword       |       |       |     3 |       |       |       |       |       |       ||     3
         Spear             |       |       |    24 |    31 |   113 |    47 |    20 |       |       ||   235
         Punch             |       |       |       |       |     1 |       |       |       |       ||     1
         Staff             |       |       |       |       |     6 |     3 |       |    18 |    60 ||    87
         Whip              |       |       |       |       |       |       |    84 |       |   197 ||   281
         Quick blade       |       |       |       |       |       |       |       |     7 |       ||     7
  Throw: Dart              |       |       |       |     2 |    10 |     4 |     3 |     2 |       ||    21
         Throwing net      |       |       |       |       |     2 |       |     1 |     2 |       ||     5
   Cast: Shock             |    71 |    44 |   210 |       |       |       |       |       |       ||   325
         Static Discharge  |       |    12 |    53 |    55 |     3 |       |       |       |       ||   123
         Airstrike         |       |       |    30 |   248 |   163 |    52 |    58 |    22 |   378 ||   951
         Freezing Cloud    |       |       |       |       |    55 |     1 |     2 |       |       ||    58
         Orb of Destructio |       |       |       |       |   218 |    77 |    61 |    10 |    69 ||   435
         Mephitic Cloud    |       |       |       |       |     1 |       |       |       |       ||     1
         Swiftness         |       |       |       |       |     1 |     1 |     1 |       |       ||     3
         Plasma Beam       |       |       |       |       |    56 |   410 |    40 |    40 |   270 ||   816
         Blink             |       |       |       |       |     1 |     4 |     3 |     2 |     2 ||    12
         Conjure Ball Ligh |       |       |       |       |       |     1 |     1 |       |       ||     2
         Hailstorm         |       |       |       |       |       |     2 |       |       |       ||     2
         Chain Lightning   |       |       |       |       |       |    91 |   295 |   358 |  2168 ||  2912
         Lehudib's Crystal |       |       |       |       |       |       |       |    15 |   296 ||   311
         Maxwell's Capacit |       |       |       |       |       |       |       |    13 |   136 ||   149
         Sublimation of Bl |       |       |       |       |       |       |       |     3 |   822 ||   825
         Passage of Golubr |       |       |       |       |       |       |       |       |     1 ||     1
         Bombard           |       |       |       |       |       |       |       |       |    62 ||    62
         Iskenderun's Myst |       |       |       |       |       |       |       |       |     5 ||     5
  Evoke: Wand              |       |       |       |     1 |     8 |     5 |       |     1 |    10 ||    25
         Lightning rod     |       |       |       |       |       |     7 |       |       |       ||     7
    Use: Scroll            |     4 |     2 |    21 |     6 |     5 |     5 |    21 |     4 |    21 ||    89
         Potion            |       |       |     2 |     4 |     1 |     8 |    13 |       |    29 ||    57
   Stab: Invisible         |       |       |     1 |       |       |       |       |       |       ||     1
         Sleeping          |       |       |       |       |       |       |     3 |       |       ||     3
         Held in net/web   |       |       |       |       |       |       |       |     1 |       ||     1
         Distracted        |       |       |       |       |       |       |       |       |     1 ||     1
 Armour: Robe              |     3 |    20 |    87 |    29 |       |    49 |    71 |   116 |    22 ||   397
         Swamp dragon scal |       |       |       |    94 |   157 |       |       |       |       ||   251
         Animal skin       |       |       |       |       |    15 |     9 |       |       |       ||    24
         Steam dragon scal |       |       |       |       |       |   139 |    41 |       |   640 ||   820
         Leather armour    |       |       |       |       |       |       |   129 |       |       ||   129
         Acid dragon scale |       |       |       |       |       |       |       |    53 |    44 ||    97
         Skin              |       |       |       |       |       |       |       |       |     1 ||     1
         Gold dragon scale |       |       |       |       |       |       |       |       |   242 ||   242
  Dodge: Dodged            |     8 |    18 |    46 |   181 |   202 |   219 |   207 |   109 |   705 ||  1695
         Repelled          |       |       |       |       |       |       |     1 |     2 |    34 ||    37
  Block: Buckler           |       |       |     9 |     2 |    29 |    17 |    11 |    35 |   120 ||   223
         Reflection        |       |       |       |       |     2 |     1 |       |       |       ||     3
         Other             |       |       |       |       |       |     7 |       |       |       ||     7
